 Dungeon Crawl Stone Soup version 0.26-a0-651-gb41185065b (webtiles) character file.

Game seed: 8677057396704031245

398 tof the Chopper (level 6, -7/57 HPs)
             Began as a Minotaur Monk on Oct 6, 2020.
             Mangled by an orc warrior
             ... wielding a +0 war axe
              (12 damage)
             ... on level 2 of the Dungeon.
             The game lasted 00:07:45 (4218 turns).

tof the Chopper (Minotaur Monk)                     Turns: 4218, Time: 00:07:45

Health: -7/57      AC:  6    Str: 18    XL:     6   Next: 53%
Magic:  5/5        EV: 12    Int:  7    God:
Gold:   155        SH:  0    Dex: 12    Spells: 5/5 levels left

rFire    . . .     SeeInvis .   a - +0 hand axe
rCold    . . .     Faith    .   (no shield)
rNeg     + . .     Spirit   .   m - +0 ring mail
rPois    .         Reflect  .   (helmet restricted)
rElec    .         Harm     .   h - scarf {+Inv}
rCorr    .         Rampage  .   (no gloves)
MR       .....                  (no boots)
Stlth    +.........             (no amulet)
HPRegen  0.19/turn              c - ring of flight
MPRegen  0.09/turn              e - ring of positive energy

@: no status effects
A: retaliatory headbutt, horns 2
a: Evoke Invisibility, Evoke Flight


You were on level 2 of the Dungeon.
You visited 1 branch of the dungeon, and saw 3 of its levels.

You collected 155 gold pieces.

Inventory:

Hand Weapons
 a - a +0 hand axe (weapon)
Armour
 h - a scarf of invisibility (worn)
 m - a +0 ring mail (worn)
Jewellery
 c - a ring of flight (left hand)
 e - a ring of positive energy (right hand)
Scrolls
 f - a scroll of magic mapping {unknown}
 g - a scroll of immolation {unknown}
 i - 2 scrolls of enchant armour {unknown}
 k - a scroll of remove curse {unknown}
 l - 4 scrolls of identify {unknown}
 p - a scroll of noise {unknown}
 r - a scroll of teleportation {unknown}
Potions
 b - 2 potions of lignification {unknown}
 d - 2 potions of degeneration {unknown}
 j - 2 potions of curing {unknown}
 n - 3 potions of heal wounds {unknown}
 o - a potion of cancellation {unknown}
 q - a potion of brilliance {unknown}


   Skills:
 + Level 5.9 Fighting
 + Level 5.9 Axes
 + Level 4.4 Armour
 - Level 3.2 Dodging
 - Level 1.5 Stealth


You had 5 spell levels left.
You didn't know any spells.
Your spell library was empty.

Dungeon Overview and Level Annotations

Branches:
Dungeon (3/15)

Altars:
Ashenzari
Elyvilon
Yredelemnul


Innate Abilities, Weirdness & Mutations

You reflexively headbutt those who attack you in melee.
You have a pair of horns on your head.


Message History

The orc warrior is almost dead.
The orc warrior hits you with a +0 war axe.
* * * LOW HITPOINT WARNING * * *
You hit the orc warrior but do no damage.
You headbutt the orc warrior, but do no damage.
The orc warrior is almost dead.
The orc warrior hits you but does no damage.
You barely miss the orc warrior. Your headbutt misses the orc warrior.
The orc warrior is almost dead.
The orc warrior hits you with a +0 war axe.
* * * LOW HITPOINT WARNING * * *
You closely miss the orc warrior.
The orc warrior is almost dead.
The orc warrior hits you but does no damage.
You hit the orc warrior but do no damage.
The orc warrior is almost dead.
You barely miss the orc warrior.
The orc warrior is almost dead.
The orc warrior hits you with a +0 war axe!
You die...

#####........#### #.....
.(............._# #...#≈
.####........#### ##...#≈ .#
#........# ###########....## .#
########## #................ ##
#######...##..... ####
###...###..... ...#
######.....#.....##
##.############.@o.#.....#.....#.
.)....(.........##......##.....).
####....#########................
.................................
######..........#.#..#####.......
####.<.########...##..###........
......#########>......<.)...####.
[.(...............###.#####....##
.......######...### #.# ####...


You could see an orc warrior.

Vanquished Creatures
  A centaur skeleton (D:3)
  2 orc priests (D:3)
  3 orc wizards (D:3)
  A worker ant (D:3)
  A hound skeleton (D:2)
  A worker ant zombie (D:2)
  7 adders
  3 gnolls
  2 oozes (D:2)
  An adder skeleton (D:2)
  A worm (D:2)
  A leopard gecko (D:2)
  15 orcs
  A ball python (D:1)
  A bat skeleton (D:2)
  A bat zombie (D:2)
  4 giant cockroaches
  2 gnoll zombies (D:2)
  3 hobgoblins (D:2)
  8 jackals
  3 bats
  2 frilled lizards
  8 goblins
  A jackal zombie (D:2)
  6 kobolds
  9 rats
88 creatures vanquished.

Vanquished Creatures (others)
  A bat zombie (D:2)
  A quokka (D:2)
  A ball python (D:2)
  6 withered plants (D:2)
9 creatures vanquished.

Grand Total: 97 creatures vanquished

Notes
Turn   | Place    | Note
-------+----------+-------------------------------------------
     0 | D:1      | tof the Minotaur Monk began the quest for the Orb.
     0 | D:1      | Reached XP level 1. HP: 19/19 MP: 0/0
   159 | D:1      | Reached skill level 1 in Armour
   176 | D:1      | Reached XP level 2. HP: 25/27 MP: 1/1
   861 | D:1      | Reached XP level 3. HP: 31/33 MP: 2/2
  1427 | D:2      | Reached XP level 4. HP: 37/41 MP: 3/3
  2193 | D:2      | Found a white marble altar of Elyvilon.
  2370 | D:2      | Reached skill level 5 in Fighting
  2370 | D:2      | Reached skill level 5 in Axes
  2370 | D:2      | Reached XP level 5. HP: 48/48 MP: 4/4
  2627 | D:2      | Found a basalt altar of Yredelemnul.
  3159 | D:3      | Reached XP level 6. HP: 42/56 MP: 5/5
  3620 | D:3      | Found a broken altar of Ashenzari.
  4148 | D:3      | Noticed an orc warrior
  4218 | D:2      | Mangled by an orc warrior

Illustrated notes

Levels and vault maps discovered:
D:1:      eino_arrival_cavern_b, layout_rooms
D:2:      layout_rooms, elyvilon_altar_4, lemuel_zombie_altar_yredelemnul,
          serial_undead, serial_undead_f, serial_undead_e, serial_undead_b,
          serial_undead_b, serial_undead_c, minmay_split_cup_large
D:3:      layout_basic, ashenzari_conservatory_becter

Skill      XL: |  1  2  3  4  5 |
---------------+----------------+-----
Armour         | 1 2 3 4 |  4.4
Fighting       | 4 5 |  5.9
Axes           | 4 5 |  5.9
Dodging        | |  3.2
Stealth        | |  1.5

Action                   |  1- 3 |  4- 6 || total
-------------------------+-------+-------++-------
Melee: Hand axe          |    73 |   187 ||   260
       Headbutt          |    14 |    29 ||    43
 Abil: Evoke Invisibilit |       |     1 ||     1
 Stab: Distracted        |     1 |       ||     1
       Invisible         |       |     2 ||     2
Armor: Robe              |    14 |     9 ||    23
       Ring mail         |       |    47 ||    47
Dodge: Dodged            |    56 |   123 ||   179

Table legend: (Time is in decaauts)
 A = Elapsed time spent in this place.
 B = Non-inter-level travel time spent in this place.
 C = Inter-level travel time spent in this place.
 D = Time resting spent in this place.
 E = Time spent auto-exploring this place.
 F = Levels seen in this place.
 G = Mean time per level.
                   A        B        C        D        E       F      G
               +--------+--------+--------+--------+--------+-----+--------+
         Total |   4242 |   4183 |     59 |   2122 |   1162 |   3 | 1414.0 |
       Dungeon |   4242 |   4183 |     59 |   2122 |   1162 |   3 | 1414.0 |
               +--------+--------+--------+--------+--------+-----+--------+

Top non-repeatable levels by time:
     D:1: 1824 daAuts
     D:3: 1227 daAuts
     D:2: 1190 daAuts
